 Dungeon Crawl Stone Soup version 0.29-a0-1008-g949cc1d0fb (webtiles) character file.

Game seed: 15800488621717354380

4665 drpainis the Covert (level 10, -4/47 HPs)
             Began as a Spriggan Enchanter on Aug 8, 2022.
             Was an Initiate of Dithmenos.
             Shot with an arrow by a centaur (12 damage)
             ... on level 8 of the Dungeon.
             The game lasted 00:16:19 (12941 turns).

drpainis the Covert (Spriggan Enchanter)           Turns: 12941, Time: 00:16:19

Health: -4/47      AC:  6    Str:  4    XL:     10   Next: 20%
Magic:  17/22      EV: 21    Int: 18    God:    Dithmenos [......]
Gold:   397        SH:  0    Dex: 19    Spells: 13/24 levels left

rFire   . . .      SeeInvis +   I - +4 dagger (drain)
rCold   . . .      Faith    .   (no shield)
rNeg    . . .      Spirit   .   b - +0 robe
rPois   +          Reflect  .   (helmet restricted)
rElec   .          Harm     .   t - scarf {shadows}
rCorr   .          Rampage  .   (gloves unavailable)
Will    +....                   (boots unavailable)
Stlth   +++.......              p - amulet of regeneration
HPRegen 0.95/turn               B - +4 ring of protection
MPRegen 0.18/turn               u - ring of poison resistance

@: invisible, slow
A: very small, no large weapons, unfitting armour, see invisible, speed 3
a: Renounce Religion


You were on level 8 of the Dungeon.
You worshipped Dithmenos.
Dithmenos was noncommittal.
You visited 2 branches of the dungeon, and saw 9 of its levels.

You collected 397 gold pieces.

Inventory:

Hand Weapons
 a - a +1 dagger
 e - a +2 dagger of venom
 I - a +4 dagger of draining (weapon)
 T - a +1 dagger of speed
Missiles
 n - 5 poisoned darts (quivered)
 K - 2 throwing nets
Armour
 b - a +0 robe (worn)
 t - a scarf of shadows (worn)
Magical Staves
 h - a staff of conjuration
Jewellery
 p - an amulet of regeneration (around neck)
 q - a ring of flight
 u - a ring of poison resistance (right hand)
 v - a ring of ice
 B - a +4 ring of protection (left hand)
 F - a +6 ring of strength
 L - a ring of ice
 O - an amulet of guardian spirit
Wands
 y - a wand of digging (11)
 A - a wand of polymorph (5)
 H - a wand of paralysis (16)
 M - a wand of mindburst (21)
 P - a wand of roots (16)
Scrolls
 d - a scroll of butterflies {unknown}
 g - 4 scrolls of teleportation
 j - a scroll of poison
 m - 4 scrolls of noise
 o - 2 scrolls of vulnerability
 r - a scroll of silence {unknown}
 s - 2 scrolls of immolation {unknown}
 x - a scroll of amnesia {unknown}
 G - 2 scrolls of blinking {unknown}
 J - a scroll of fear {unknown}
 N - 2 scrolls of summoning {unknown}
 Q - a scroll of magic mapping {unknown}
 R - 3 scrolls of identify
Potions
 f - 5 potions of lignification
 i - a potion of attraction {unknown}
 k - a potion of flight {unknown}
 l - 3 potions of curing
 w - 3 potions of brilliance {unknown}
 z - 2 potions of might {unknown}
 C - a potion of heal wounds {unknown}
 D - 2 potions of mutation {unknown}
 E - 2 potions of haste {unknown}
 S - a potion of degeneration {unknown}


   Skills:
 + Level 2.6 Fighting
 + Level 6.0 Short Blades
 + Level 6.2 Dodging
 + Level 14.7 Stealth
 + Level 7.6 Spellcasting
 + Level 0.1 Conjurations
 + Level 7.3 Hexes
 + Level 2.6 Ice Magic


You had 13 spell levels left.
You knew the following spells:

 Your Spells              Type           Power      Damage    Failure   Level
a - Ensorcelled Hibernat  Hex/Ice        50%        N/A       1%          2
b - Confusing Touch       Hex            33%        N/A       1%          3
c - Tukima's Dance        Hex            33%        N/A       1%          3
d - Dazzling Flash        Conj/Hex       40%        N/A       6%          3

Your spell library contained the following spells:

 Spells                   Type           Power      Damage    Failure   Level
 Passwall                 Tmut/Erth      5%         N/A       16%         2
 Conjure Flame            Conj/Fire      7%         6-21      30%         3
 Ignite Poison            Fire/Tmut/Pois 6%         N/A       30%         3
 Swiftness                Air            6%         N/A       30%         3
 Sticky Flame             Conj/Fire      7%         2d3       69%         4


Dungeon Overview and Level Annotations

Branches:
Dungeon (8/15)             Temple (1/1) D:7
   Lair: D:8-11

Altars:
Ashenzari
Cheibriados
Dithmenos
Elyvilon
Fedhas
Gozag
Hepliaklqana
Makhleb
Okawaru
Qazlal
Ru
Sif Muna
Trog
Uskayaw
Vehumet
Xom
Yredelemnul
Zin
The Shining One


Innate Abilities, Weirdness & Mutations

You are very small and have problems with some larger weapons.
You are too small for most types of armour.
You have supernaturally acute eyesight. (SInv)
You cover ground extremely quickly. (Speed+++)


Message History

You hit the centaur.
The centaur is moderately wounded.
You hear the loud creaking of a distant portcullis.
The centaur hits you. The centaur barely misses you.
The electric eel shoots out a bolt of lightning at you!
The bolt of electricity hits you!
Casting: Ensorcelled Hibernation (safe; 1% risk of failure)
Confirm with . or Enter, or press ? or * to list all spells.
Aiming: Ensorcelled Hibernation (safe; 1% risk of failure)
Press: ? - help, Shift-Dir - straight line, f - centaur, p - electric eel
Aim: a centaur (moderately wounded, chance to affect: 56%)
The centaur resists with significant effort.
The centaur closely misses you. The centaur misses you. x2
The centaur kicks you but does no damage.
The electric eel shoots out a bolt of lightning at you!
The bolt of electricity hits you!
* * * LOW HITPOINT WARNING * * *
You fade into invisibility!
The centaur hits you but does no damage.
The centaur completely misses you.
The electric eel shoots out a bolt of lightning at you!
The bolt of electricity hits you!
* * * LOW HITPOINT WARNING * * *
The centaur attacks as you move away! The centaur misses you.
The centaur kicks you but does no damage.
Found 2 potions of curing.
The centaur wields a +0 shortbow.
The centaur shoots an arrow.
The arrow misses you.
The centaur shoots an arrow.
The arrow barely misses you.
The electric eel shoots out a bolt of lightning at you!
The bolt of electricity misses you.
You feel better.
The centaur shoots an arrow.
The arrow misses you.
The electric eel shoots out a bolt of lightning at you!
The bolt of electricity hits you!
* * * LOW HITPOINT WARNING * * *
The centaur shoots an arrow.
The arrow completely misses you.
The centaur shoots an arrow.
The arrow closely misses you.
The electric eel shoots out a bolt of lightning at you!
The bolt of electricity misses you.
The centaur shoots an arrow.
The arrow hits you!
You die...

#.# ##.#.##~ #.# ##.###.
#.########.###.
#..............
##########.########.####
#.....?....### #.# #.
#)..P.P......# #.# #.
#..P~~~......######.# #.
#.~~~[@P.........#.###.
##~..~~~....####.......
#.~~~~~~P...# #.<####.
#♣~~≈≈~~.<### #..# #.
#.~cS≈P~..# #..# ##
#.~~~~~....# #..#
#P~~~~.~P#.# #..#
##~~~♣~~..!. ...#
....~.P.#. ..##


You could see a centaur and an electric eel.

Vanquished Creatures
  Grinder (D:3)
  Sigmund (D:2)
  A wyvern (D:7)
  7 yaks (D:8)
  Menkaure (D:5)
  Edmund (D:5)
  Duvessa (D:5)
  2 water moccasins (D:7)
  A black bear (D:4)
  A sky beast (D:7)
  An orc warrior (D:7)
  2 ice beasts
  A centaur (D:7)
  3 bullfrogs
  4 scorpions
  A necrophage (D:4)
  5 wights
  Dowan (D:5)
  5 killer bees (D:7)
  4 electric eels (D:8)
  3 jellies
  A gnoll bouda (D:8)
  5 hounds
  Jessica (D:3)
  Natasha (twice) (D:2)
  4 iguanas
  8 orc wizards
  Ijyb (D:5)
  Robin (D:3)
  4 adders
  A shadow imp (D:7)
  3 white imps
  An ufetubus (D:6)
  3 worms
  23 orcs
  2 bats
  7 endoplasms
  8 giant cockroaches
  17 goblins
  8 hobgoblins
  9 jackals
  5 kobolds
  3 quokkas
  14 ball pythons
  A frilled lizard (D:3)
  A rat (D:1)
180 creatures vanquished.

Vanquished Creatures (collateral kills)
  An orc priest (D:6)
  An orc wizard (D:3)
  An adder (D:3)
3 creatures vanquished.

Vanquished Creatures (others)
  2 dancing weapons
  A jelly (D:5)
  18 plants
21 creatures vanquished.

Grand Total: 204 creatures vanquished

Notes
Turn   | Place    | Note
-------+----------+-------------------------------------------
     0 | D:1      | drpainis the Spriggan Enchanter began the quest for the
                  | Orb.
     0 | D:1      | Reached XP level 1. HP: 9/9 MP: 5/5
   361 | D:1      | Reached XP level 2. HP: 13/13 MP: 7/7
   880 | D:1      | Reached skill level 5 in Stealth
  1532 | D:2      | Learned a level 2 spell: Ensorcelled Hibernation
  1566 | D:2      | Noticed Natasha
  1573 | D:2      | Killed Natasha
  1574 | D:2      | Reached XP level 3. HP: 14/16 MP: 5/8
  1925 | D:2      | Reached XP level 4. HP: 21/21 MP: 9/9
  1928 | D:2      | Noticed Sigmund
  1933 | D:2      | Killed Sigmund
  1934 | D:2      | Reached skill level 7 in Stealth
  1934 | D:2      | Reached XP level 5. HP: 19/25 MP: 7/11
  2188 | D:2      | Noticed Natasha
  2446 | D:2      | Killed Natasha
  2451 | D:2      | Reached XP level 6. HP: 26/29 MP: 3/12
  2752 | D:2      | Found a faded altar of an unknown god.
  2939 | D:2      | Learned a level 3 spell: Confusing Touch
  2943 | D:2      | Learned a level 3 spell: Tukima's Dance
  2952 | D:2      | Learned a level 3 spell: Dazzling Flash
  3347 | D:3      | HP: 1/29 [orc wizard/magic dart (5)]
  3934 | D:3      | Reached skill level 1 in Fighting
  3934 | D:3      | Reached skill level 1 in Ice Magic
  4378 | D:3      | Noticed Jessica
  4380 | D:3      | Killed Jessica
  4381 | D:3      | Reached skill level 5 in Hexes
  4500 | D:3      | Noticed Robin
  4534 | D:3      | Killed Robin
  4546 | D:3      | Found a hide-covered altar of Uskayaw.
  4817 | D:3      | Noticed Grinder
  4818 | D:3      | Paralysed by Grinder for 3 turns
  4841 | D:3      | Paralysed by Grinder for 3 turns
  4856 | D:3      | Killed Grinder
  4857 | D:3      | Reached skill level 8 in Stealth
  4857 | D:3      | Reached XP level 7. HP: 30/33 MP: 6/14
  4986 | D:3      | Identified the +1 pair of boots "Mekkokec" {Dex+3}
  6174 | D:4      | Reached skill level 5 in Spellcasting
  6477 | D:4      | Reached skill level 9 in Stealth
  6678 | D:4      | Reached XP level 8. HP: 37/37 MP: 16/16
  7057 | D:5      | Entered Level 5 of the Dungeon
  7107 | D:5      | Noticed Menkaure
  7413 | D:5      | Killed Menkaure
  7414 | D:5      | Reached skill level 10 in Stealth
  7551 | D:5      | Found a radiant altar of Vehumet.
  7587 | D:5      | Noticed Duvessa
  7589 | D:5      | Noticed Dowan
  7595 | D:5      | Killed Duvessa
  7597 | D:5      | Noticed Ijyb
  7605 | D:5      | Killed Dowan
  7606 | D:5      | Paralysed by Ijyb for 4 turns
  7821 | D:5      | Killed Ijyb
  7864 | D:5      | Found a sacrificial altar of Ru.
  8183 | D:5      | Noticed Edmund
  8189 | D:5      | Killed Edmund
  8610 | D:6      | Reached skill level 11 in Stealth
  8680 | D:6      | Reached skill level 5 in Dodging
  9312 | D:6      | Reached XP level 9. HP: 42/42 MP: 19/19
 10289 | D:7      | Reached skill level 12 in Stealth
 10302 | D:7      | Found an opulent altar of Gozag.
 10424 | D:7      | Reached skill level 5 in Short Blades
 10424 | D:7      | Found a staircase to the Ecumenical Temple.
 10746 | D:7      | Reached skill level 13 in Stealth
 11455 | D:7      | Reached skill level 14 in Stealth
 11841 | Temple   | Entered the Ecumenical Temple
 11968 | Temple   | Became a worshipper of Dithmenos the Shadowed
 12234 | D:8      | Reached XP level 10. HP: 28/47 MP: 8/21
 12669 | D:8      | Found a hazy altar of Hepliaklqana.
 12670 | D:8      | Found a basalt altar of Yredelemnul.
 12941 | D:8      | Shot with an arrow by a centaur

Illustrated notes

Levels and vault maps discovered:
D:1:      shiori_arrival_oz, layout_loops_corners
D:2:      layout_basic, shapermc_ecumenical_altar_pompeii, uniq_natasha,
          uniq_sigmund
D:3:      minmay_chambers_of_twos, layout_rooms, nicolae_uskayaw_dance_hall,
          serial_bayou_lagoon_a, uniq_jessica, uniq_robin, uniq_grinder
D:4:      layout_loops_corners, dk_vineyard_3
D:5:      layout_loops_ring, mainiacjoe_overflow_surrounded_room,
          lemuel_doored_altar, uniq_ijyb, uniq_duvessa, uniq_menkaure,
          uniq_edmund
D:6:      layout_layer_cave
D:7:      layout_basic, overflow_temple_1_default,
          minmay_temple_entry_purple_smoke
D:8:      layout_loops_ring, mainiacjoe_overflow_swirl,
          grunt_temple_overflow_open, serial_bayou, serial_bayou_lagoon_b,
          serial_bayou_pond_b, serial_bayou_lake_a, serial_bayou_shore_a,
          enter_bailey_3, kennysheep_generic_room_2
Temple:   dshaligram_water_room_temple

Skill      XL: |  1  2  3  4  5  6  7  8  9 10 |
---------------+-------------------------------+-----
Spellcasting   | 3 4 5 6 7 |  7.6
Dodging        | 3 4 5 6 |  6.2
Stealth        | 5 7 8 9 11 14 | 14.7
Hexes          | 4 5 6 7 |  7.3
Short Blades   | 2 3 4 5 6 |  6.0
Fighting       | 1 2 |  2.6
Ice Magic      | 1 2 |  2.6
Conjurations   | |  0.1

Action                   |  1- 3 |  4- 6 |  7- 9 | 10-12 || total
-------------------------+-------+-------+-------+-------++-------
Melee: Dagger            |    62 |   137 |   252 |    44 ||   495
       Punch             |     1 |     1 |     4 |       ||     6
 Cast: Ensorcelled Hiber |     5 |    31 |    22 |    15 ||    73
       Tukima's Dance    |       |     2 |     5 |       ||     7
       Confusing Touch   |       |     2 |    15 |     5 ||    22
       Dazzling Flash    |       |     1 |     2 |       ||     3
  Use: Potion            |       |     1 |       |     2 ||     3
       Scroll            |       |       |     8 |       ||     8
 Stab: Sleeping          |     9 |    20 |    42 |     8 ||    79
       Invisible         |       |     3 |     1 |       ||     4
       Distracted        |       |       |     3 |       ||     3
       Confused          |       |       |     9 |     2 ||    11
Armor: Robe              |     5 |     9 |    21 |     7 ||    42
Dodge: Dodged            |    36 |    83 |   140 |    46 ||   305

Table legend: (Time is in decaauts)
 A = Elapsed time spent in this place.
 B = Non-inter-level travel time spent in this place.
 C = Inter-level travel time spent in this place.
 D = Time resting spent in this place.
 E = Time spent auto-exploring this place.
 F = Levels seen in this place.
 G = Mean time per level.
                   A        B        C        D        E       F      G
               +--------+--------+--------+--------+--------+-----+--------+
         Total |  10144 |   9869 |    275 |   4543 |   3888 |   9 | 1127.1 |
       Dungeon |  10061 |   9787 |    274 |   4543 |   3843 |   8 | 1257.6 |
        Temple |     83 |     83 |      0 |      0 |     45 |   1 |   83.0 |
               +--------+--------+--------+--------+--------+-----+--------+

Top non-repeatable levels by time:
     D:3: 1979 daAuts
     D:4: 1720 daAuts
     D:6: 1302 daAuts
     D:7: 1267 daAuts
     D:2: 1178 daAuts
     D:1: 1142 daAuts
     D:5: 857 daAuts
     D:8: 613 daAuts
  Temple: 83 daAuts
